AoeStats
← Hellgast16

Arabia

508067491Analyzed
1v1 RM · 10d ago on Sep 20, 2026· 80m 33s· 2 players
Game mode
Random Map
Map size
Tiny (2 player)
Population
200
Speed
Normal
Resources
Standard
Victory
Conquest
Starting age
Dark Age
Ending age
Imperial Age
RankedLock teamsTeams togetherTeam positionsShared explorationLock speedFull tech treeHidden civsTurbo modeCheats
Victory
Defeat
🇨🇱 Mapuche · Chile
757
+15
🇨🇿 Vietnamese · Czechia
729
-36
Hellgast16
11:59 Feudal Age
12:26 Double-Bit Axe
12:22 Horse Collar
18:32 Fletching
18:45 Padded Archer Armor
20:21 Wheelbarrow
20:35 Gold Mining
26:08 Castle Age
24:28 Stone Mining
27:03 Bow Saw
26:55 Heavy Plow
26:53 Crossbowman
27:39 Thumb Ring
29:29 Hand Cart
30:55 Bodkin Arrow
31:16 Leather Archer Armor
33:19 Stone Shaft Mining
35:02 Light Cavalry
35:52 Bloodlines
35:52 Scale Barding Armor
35:49 Scale Mail Armor
35:59 Forging
43:37 Imperial Age
42:33 Iron Casting
43:39 Arbalester
47:47 Paper Money
53:59 Ring Archer Armor
53:39 Bracer
55:48 Chain Barding Armor
56:51 Cavalier
57:45 Husbandry
69:29 Elite Skirmisher
73:27 Imperial Skirmisher
78:56 Chain Mail Armor
fazisred
10:41 Feudal Age
11:10 Double-Bit Axe
15:58 Wheelbarrow
15:19 Champi Runner
22:13 Castle Age
20:22 Stone Mining
22:19 Gold Mining
24:05 Champi Warrior
26:53 Hand Cart
29:47 Crossbowman
36:25 Imperial Age
38:24 Pikeman
40:20 Murder Holes
43:10 Capped Ram
50:49 Gold Shaft Mining
52:02 Elite Kona
55:40 Town Watch
56:02 Loom
57:30 Town Patrol
58:30 Ballistics
58:43 Bow Saw
59:09 Stone Shaft Mining
60:12 Chemistry
61:39 Halberdier
76:58 Elite Bolas Rider
77:50 Scale Mail Armor
77:59 Padded Archer Armor
77:50 Fletching
78:11 Forging
Connection lost

Rejoining the realm…

Still unreachable

The connection could not be restored.

Session expired

The server has moved on; the page needs a fresh start.